 Dungeon Crawl Stone Soup version 0.25.1-11-g244df3a29b (webtiles) character file.

Game seed: 2483196951217603718

286947 DeepDeath the Eclecticist (level 20, 137/137 HPs)
             Began as an Octopode Venom Mage on July 28, 2021.
             Was the Champion of Vehumet.
             Quit the game on level 1 of the Vaults on Nov 7, 2023.
             The game lasted 08:16:25 (74896 turns).

DeepDeath the Eclecticist (Octopode Venom Mage)    Turns: 74896, Time: 08:16:26

Health: 137/137    AC:  7    Str: 16    XL:     20   Next: 65%
Magic:  41/41      EV: 39    Int: 25    God:    Vehumet [******]
Gold:   2728       SH: 19    Dex: 23    Spells: 4/53 levels left

rFire    + . .     SeeInvis +   s - staff of poison
rCold    + . .     Gourm    .   d - +5 kite shield {reflect}
rNeg     + . .     Faith    .   t - +2 hat {Int+3}
rPois    +         Spirit   .   N - amulet "Eddybom" {Acrobat Str+3 Slay+6 SInv}
rElec    .         Reflect  +   K - ring "Vatytaroi" {rF+ rN+}
rCorr    .         Harm     .   G - ring of protection from cold
MR       +++..                  I - ring of protection from cold
Stlth    +++++++...             a - ring of protection from magic
HPRegen  0.32/turn              Y - +4 ring of protection
MPRegen  0.27/turn              H - ring of Emaoq {Fire +Inv Int+2}
                                h - +6 ring of dexterity
                                u - ring "Caebrazy" {Wiz rPois rF- MR+ Str+4}

@: acrobat
A: almost no armour, stealthy swim, amphibious, 8 rings, constrict 8, camouflage
1, gelatinous body 1
}: 2/15 runes: barnacled, gossamer
a: Renounce Religion, Evoke Invisibility


You were on level 1 of the Vaults.
You worshipped Vehumet.
Vehumet was exalted by your worship.
You were not hungry.

You visited 7 branches of the dungeon, and saw 35 of its levels.
You also visited: Gauntlet and Ice Cave.

You collected 4246 gold pieces.
You spent 1518 gold pieces at shops.

Inventory:

Hand Weapons
 r - the +1 flail of Rapui {freeze, rPois rF+}
   (You found it on level 11 of the Dungeon)

   It has been specially enchanted to freeze those struck by it, causing extra
   injury to most foes and up to half again as much damage against particularly
   susceptible opponents.
   It can also slow down cold-blooded creatures.
   It protects you from fire.
   It protects you from poison.
 w - a +6 rapier of flaming
Missiles
 C - 5 curare-tipped darts
 D - 6 datura-tipped darts (quivered)
 J - 71 silver javelins
Armour
 d - a +5 kite shield of reflection (worn)
 t - a +2 hat of intelligence (worn)
Magical Staves
 s - an uncursed staff of poison (weapon)
Jewellery
 a - a ring of protection from magic (on tentacle)
 h - a +6 ring of dexterity (on tentacle)
 u - the ring "Caebrazy" (on tentacle) {Wiz rPois rF- MR+ Str+4}
   (You acquired it on level 3 of the Lair of Beasts)

   [ring of wizardry]

   It improves your spell success rate.
   It affects your strength (+4).
   It makes you vulnerable to fire.
   It protects you from poison.
   It affects your resistance to hostile enchantments.
 y - an uncursed ring of protection from fire
 B - the ring of Xivodgho {*Slow rElec Int-3 Dex+6 SInv}
   (You found it in an ice cave)

   [ring of dexterity]

   It affects your intelligence (-3).
   It affects your dexterity (+6).
   It insulates you from electricity.
   It lets you see invisible.
   It may slow you when you take damage.
 G - a ring of protection from cold (right tentacle)
 H - the ring of Emaoq (on tentacle) {Fire +Inv Int+2}
   (You found it on level 7 of the Dungeon)

   [ring of fire]

   It enhances your fire magic.
   It affects your intelligence (+2).
   It protects you from fire.
   It makes you vulnerable to cold.
   It lets you turn invisible.
 I - a ring of protection from cold (on tentacle)
 K - the ring "Vatytaroi" (left tentacle) {rF+ rN+}
   (You acquired it on level 4 of the Spider Nest)

   [ring of positive energy]

   It protects you from fire.
   It protects you from negative energy.
 N - the amulet "Eddybom" (around mantle) {Acrobat Str+3 Slay+6 SInv}
   (You found it on level 14 of the Dungeon)

   [amulet of the acrobat]

   It helps you evade while moving and waiting.
   It affects your strength (+3).
   It affects your accuracy and damage with ranged weapons and melee attacks
   (+6).
   It lets you see invisible.
 Y - a +4 ring of protection (on tentacle)
Wands
 j - a wand of digging (10)
 o - a wand of enslavement (10)
 p - a wand of disintegration (12)
 z - a wand of paralysis (26)
 F - a wand of clouds (5)
 P - a wand of acid (12)
 X - a wand of iceblast (44)
Scrolls
 g - a scroll of silence
 i - 7 scrolls of fear
 l - 19 scrolls of identify
 m - 17 scrolls of teleportation
 v - 2 scrolls of blinking
 Q - a scroll of holy word
 R - 13 scrolls of remove curse
 S - 5 scrolls of fog
 W - a scroll of magic mapping
Potions
 b - 10 potions of heal wounds
 c - 20 potions of curing
 k - 3 potions of flight
 q - 6 potions of ambrosia
 x - 6 potions of might
 A - a potion of invisibility
 L - 3 potions of cancellation
 O - 4 potions of haste
 T - a potion of resistance
 U - 5 potions of brilliance
 Z - a potion of stabbing
Miscellaneous
 n - a lightning rod (4/4)
 M - a phial of floods
Comestibles
 f - 33 rations


   Skills:
 - Level 12.0 Fighting
 - Level 4.0 Short Blades
 - Level 2.0 Staves
 - Level 2.0 Throwing
 - Level 12.0 Dodging
 - Level 14.0 Stealth
 * Level 14.8 Shields
 - Level 17.0 Spellcasting
 + Level 11.5 Conjurations
 - Level 3.0 Charms
 - Level 3.0 Necromancy
 - Level 2.0 Translocations
 - Level 3.0 Transmutations
 - Level 5.0 Fire Magic
 - Level 5.0 Ice Magic
 - Level 11.0 Air Magic
 - Level 10.0 Poison Magic
 - Level 4.0 Evocations


You had 4 spell levels left.
You knew the following spells:

 Your Spells              Type           Power        Failure   Level  Hunger
a - Airstrike             Air            ######....   1%          4    None
b - Fireball              Conj/Fire      #######...   1%          5    None
c - Freezing Cloud        Conj/Ice/Air   ######....   1%          6    ####...
f - Sticky Flame          Conj/Fire      #######.     1%          4    None
i - Ignite Poison         Fire/Tmut/Pois #######.     1%          3    None
m - Iskenderun's Mystic   Conj/Tloc      ######..     1%          4    None
n - Swiftness             Chrm/Air       ######..     1%          2    None
o - Iskenderun's Battles  Conj/Chrm      ######..     1%          5    None
p - Mephitic Cloud        Conj/Pois/Air  #######.     1%          3    None
q - Animate Skeleton      Necr           N/A          1%          1    None
r - Frozen Ramparts       Ice            #####.       1%          3    None
s - Shock                 Conj/Air       ####         0%          1    None
t - Conjure Flame         Conj/Fire      #######.     1%          3    None
x - Olgreb's Toxic Radia  Pois           #######.     1%          4    None
z - Sting                 Tmut/Pois      ####         1%          1    None

Your spell library contained the following spells:

 Spells                   Type           Power        Failure   Level  Hunger
 Chain Lightning          Conj/Air       ######....   16%         8    #######
 Ignition                 Fire           ######....   83%         8    #######
 Absolute Zero            Ice            #####.....   100%        9    #######
 Magic Dart               Conj           ####         0%          1    None
 Apportation              Tloc           ####..       1%          1    None
 Corona                   Hex            ###....      1%          1    None
 Pain                     Necr           ####         1%          1    None
 Summon Small Mammal      Summ           ###.         1%          1    None
 Ensorcelled Hibernation  Hex/Ice        ####..       1%          2    None
 Poisonous Vapours        Pois/Air       ######       1%          2    None
 Searing Ray              Conj           ######       1%          2    None
 Slow                     Hex            ###.....     1%          2    None
 Dazzling Flash           Conj/Hex       ######       1%          3    None
 Gell's Gravitas          Tloc           ####......   1%          3    None
 Inner Flame              Hex/Fire       ######..     1%          3    None
 Ozocubu's Armour         Chrm/Ice       #####...     1%          3    None
 Portal Projectile        Hex/Tloc       ####..       1%          3    None
 Static Discharge         Conj/Air       ######..     1%          3    None
 Vampiric Draining        Necr           #####.....   1%          3    None
 Fulminant Prism          Conj/Hex       ######....   1%          4    None
 Hailstorm                Conj/Ice       ######..     1%          4    None
 Confusing Touch          Hex            ###.....     2%          3    None
 Animate Dead             Necr           N/A          2%          4    None
 Petrify                  Tmut/Erth      ####....     5%          4    None
 Cause Fear               Hex            ###.......   10%         4    None
 Leda's Liquefaction      Hex/Erth       ###.......   10%         4    None
 Yara's Violent Unravell  Hex/Tmut       ####......   4%          5    None
 Agony                    Necr           #####...     8%          5    None
 Excruciating Wounds      Chrm/Necr      #####.....   8%          5    None
 Lee's Rapid Deconstruct  Erth           ###.......   8%          5    None
 Metabolic Englaciation   Hex/Ice        ####......   10%         5    None
 Simulacrum               Ice/Necr       #####.....   26%         6    ####...
 Hydra Form               Tmut           #####.....   38%         6    ####...
 Ring of Flames           Chrm/Fire      ######....   80%         7    #####..


Dungeon Overview and Level Annotations

Branches:
Dungeon (15/15)            Temple (1/1) D:5            Lair (6/6) D:8
 Shoals (4/4) Lair:3       Spider (4/4) Lair:4        Slime (0/5) Lair:6
    Orc (2/2) D:12            Elf (0/3) Orc:2        Vaults (3/5) D:14
  Crypt (0/3) Vaults:3     Depths (0/5) D:15          IceCv (visited)
Gauntlet (visited)

Altars:
Ashenzari
Cheibriados
Dithmenos
Elyvilon
Fedhas
Gozag
Hepliaklqana
Kikubaaqudgha
Makhleb
Nemelex Xobeh
Okawaru
Qazlal
Ru
Sif Muna
Trog
Uskayaw
Vehumet
Wu Jian
Xom
Yredelemnul
Zin
The Shining One
Jiyva

Shops:
D:6 [   D:8 !!(}*   Orc:2 (*!?   Shoals:1 *   Shoals:4 :   Vaults:3 *

Annotations:
D:14 Roxanne
Lair:5 1 runed translucent door, Jeban's ghost, journeyman OpFi
Shoals:2 3 runed translucent doors, JacktheKnight's ghost, journeyman HOFi
Spider:4 1 runed translucent door, Nolbo's ghost, adept FoEE
Vaults:3 Margery


Innate Abilities, Weirdness & Mutations

You cannot wear most types of armour.
You are very stealthy in the water. (Stealth+)
You are amphibious.
You can wear up to eight rings at the same time.
You can use your tentacles to constrict eight enemies at once.
Your skin changes colour to match your surroundings (Stealth+).
Your rubbery body absorbs attacks. (AC +1, EV +1)


Message History

Drop what? 50/52 slots (_ for help) (? for menu, Esc to quit)
You drop 2 potions of mutation.
You're wearing all the rings you can.
Remove which one? (? for menu, Esc to quit)
You remove your ring of protection from fire.
I - a ring of protection from cold (on tentacle) Unknown command.
Unknown command.
Unknown command.
Unknown command.
Unknown command.
Unknown command.
Okay, then.
Unknown command.
Okay, then.
Unknown command.
Save game and exit?
Welcome back, DeepDeath the Octopode Venom Mage.
Vehumet says: Let it end in hellfire!
Press ? for a list of commands and other information.
Are you sure you want to abandon this character and quit the game? (Confirm with "yes".)

..................#.###.....#....
......#############..####..##....
......#...........#..#.#'####....
......#...........'.#'....###....
......#####'#.....#.##...##.#....
####..#.....#.....###....'#.#....
...#..#.....#.....####'#.#=.'....
...#..#.....#.∩...##..####..#....
...#..#.....#...@.#.....###.#....
†###..#.....#.....#####'#######..
...#..#######.}:..#..#........#..
...#..#.......?...#..#........#..
####..#.......?!.[#..#........#..
#..#.######'#######..#........#..
'..#.###.......#.....#........#..
#..#.####......#.....#........#..
#..#.#.###..>..#.....#........#..


There were no monsters in sight!

Vanquished Creatures
  Mara (Shoals:4)
  Arachne (Spider:2)
  A tentacled monstrosity (Vaults:2)
  Rupert (Spider:1)
  A sphinx (Vaults:1)
  Donald (Spider:2)
  3 tengu reavers
  A frost giant (Vaults:2)
  5 vault wardens
  7 emperor scorpions
  3 ghost moths (Spider:4)
  4 ironheart preservers
  5 stone giants
  4 entropy weavers
  A deep elf demonologist (Vaults:1)
  Nessos (Lair:4)
  A minotaur (Gauntlet)
  Azrael (D:12)
  An ettin (Vaults:3)
  Snorg (D:12)
  5 fire dragons
  6 merfolk javelineers
  The ghost of JacktheKnight the Severer, a journeyman HOFi of Yredelemnul (Lair:2)
  6 yaktaur captains
  2 vault guards (Vaults:3)
  4 merfolk impalers
  A great orb of eyes (Vaults:3)
  A rakshasa (Vaults:1)
  2 ice dragons (Vaults:1)
  7 hydras
  17 two-headed ogres
  A catoblepas (Lair:6)
  3 death knights
  5 merfolk avatars
  2 dancing weapons (D:14)
  7 ogre magi
  A queen ant (Spider:1)
  4 centaur warriors
  3 alligator snapping turtles
  A deep troll shaman (Vaults:3)
  5 merfolk aquamancers
  A satyr (Shoals:4)
  4 orc high priests
  2 spriggans (Lair:2)
  Sonja (D:11)
  5 deep elf knights
  A fire crab (Lair:6)
  An unseen horror (shapeshifter) (Vaults:3)
  4 hell knights (Vaults:3)
  4 unseen horrors
  2 glowing orange brains
  2 wizards (Vaults:3)
  2 flayed ghosts
  A phantasmal warrior (D:14)
  14 sea snakes
  8 deep trolls
  5 ironbrand convokers
  A lindwurm (Lair:6)
  The ghost of Duder the Basher, a novice MiBe of Trog (D:7)
  12 harpies
  3 necromancers
  15 orb spiders
  15 orc knights
  26 wolf spiders
  12 fauns
  39 ugly things
  7 deep elf magi
  6 orc sorcerers
  20 manticores
  An oklob plant (Shoals:2)
  5 cyclopes
  10 merfolk sirens
  4 moths of wrath
  A black mamba (Lair:6)
  A water nymph (shapeshifter) (Vaults:2)
  3 ice statues (IceCv)
  Maurice (Orc:2)
  5 vault sentinels
  13 elephants
  2 molten gargoyles (Lair:6)
  12 spiny frogs
  4 torpor snails
  4 water nymphs
  A black mamba (shapeshifter) (Vaults:1)
  6 centaur skeletons
  3 rime drakes (Lair:6)
  A kobold demonologist (D:13)
  14 komodo dragons
  3 freezing wraiths
  32 yaktaurs
  A tengu conjurer (D:13)
  8 demonic crawlers
  8 trolls
  21 merfolk
  7 wind drakes (Shoals:4)
  5 hornets
  30 jumping spiders
  A queen bee (shapeshifter) (Vaults:1)
  Prince Ribbit (D:8)
  5 snapping turtles
  6 blink frogs
  A meliai zombie (D:10)
  6 slime creatures
  A fire giant simulacrum (Vaults:2)
  14 hippogriffs
  11 dream sheep
  55 redbacks
  A shadow (D:12)
  31 tarantellas
  7 wraiths
  5 water elementals
  3 wyverns
  6 basilisks
  36 yaks
  A wyvern (shapeshifter) (Vaults:2)
  5 fire elementals (D:12)
  3 hungry ghosts
  2 vampire mosquitoes (D:13)
  4 steam dragons
  9 wargs
  2 acid dragons
  7 soldier ants (Spider:1)
  6 water moccasins
  Duvessa (D:6)
  6 hell hounds
  10 porcupines
  A black bear (D:11)
  28 orc warriors
  4 sky beasts
  2 black bears (shapeshifter)
  22 ogres
  15 ice beasts
  3 phantoms
  An eye of draining (D:8)
  3 necrophages
  10 wolves
  6 boggarts
  26 centaurs
  9 crocodiles
  21 bullfrogs
  A wyvern zombie (D:9)
  Dowan (D:7)
  A wyvern skeleton (D:11)
  7 scorpions
  12 killer bees
  2 howler monkeys (D:11)
  3 electric eels
  6 crimson imps
  2 bullfrog zombies
  5 lava snakes (Lair:6)
  2 quasits
  Crazy Yiuf (D:3)
  3 centaur zombies
  18 orc priests
  6 hounds
  3 jellies
  15 orc wizards
  A bullfrog skeleton (D:5)
  4 iguanas
  Terence (D:3)
  34 worker ants
  A hound skeleton (D:5)
  2 worker ant zombies
  A howler monkey skeleton (D:5)
  11 adders
  6 shadow imps
  2 white imps (D:7)
  A worker ant simulacrum (D:7)
  An ooze (D:1)
  An adder zombie (D:9)
  2 adder skeletons (D:9)
  7 worms
  9 dart slugs
  An adder simulacrum (D:7)
  7 leopard geckos
  89 orcs
  7 giant cockroaches
  9 goblins
  10 hobgoblins
  6 jackals
  5 quokkas
  2 ball pythons
  5 bats
  3 frilled lizards
  3 goblin skeletons (D:6)
  A goblin zombie (D:6)
  A jackal skeleton (D:2)
  7 kobolds
  A kobold skeleton (D:6)
  3 kobold zombies (D:6)
  A leopard gecko skeleton (D:5)
  An orc skeleton (D:6)
  2 orc zombies (D:6)
  A quokka zombie (D:7)
  6 rats
  A butterfly (Lair:6)
  A fungus (Lair:2)
  2 plants
1292 creatures vanquished.

Vanquished Creatures (collateral kills)
  Sojobo (Vaults:3)
  A deep elf sorcerer (Vaults:1)
  An ironheart preserver (Vaults:2)
  2 yaktaur captains
  A hydra (D:13)
  2 two-headed ogres (Vaults:2)
  A death knight (Vaults:3)
  A deep troll shaman (Vaults:2)
  A deep elf knight (Vaults:1)
  A deep troll (Vaults:2)
  3 sea snakes (Shoals:4)
  2 harpies (Vaults:1)
  2 orc knights
  5 ugly things
  A faun (Shoals:1)
  A cyclops (Vaults:2)
  A centaur zombie (D:15)
  A water nymph (Shoals:2)
  2 spiny frogs
  A yaktaur (Vaults:2)
  4 merfolk
  A hornet (Lair:4)
  A hippogriff (Lair:3)
  A dream sheep (Shoals:2)
  2 snapping turtles
  A redback (Spider:2)
  5 water elementals
  A wraith (Vaults:3)
  A warg (Vaults:3)
  A water moccasin (Lair:6)
  3 orc warriors
  An ogre (Vaults:1)
  A wolf (shapeshifter) (Vaults:2)
  A centaur (Vaults:2)
  2 crocodiles (Lair:6)
  An orc (Vaults:3)
  A butterfly (Lair:3)
  3 plants
62 creatures vanquished.

Vanquished Creatures (others)
  A black mamba (Lair:6)
  An electric eel (D:10)
  82 fungi
  53 plants
  A withered plant (Gauntlet)
138 creatures vanquished.

Grand Total: 1492 creatures vanquished

Notes
Turn   | Place    | Note
-------+----------+-------------------------------------------
     0 | D:1      | DeepDeath the Octopode Venom Mage began the quest for the
                  | Orb.
     0 | D:1      | Reached XP level 1. HP: 11/11 MP: 3/3
   104 | D:1      | Reached XP level 2. HP: 12/17 MP: 0/5
   571 | D:1      | Reached XP level 3. HP: 18/21 MP: 4/6
  1433 | D:2      | Found an opulent altar of Gozag.
  1457 | D:2      | Learned a level 2 spell: Poisonous Vapours
  1592 | D:2      | Found a blossoming altar of Fedhas.
  1644 | D:2      | Found a faded altar of an unknown god.
  1737 | D:2      | Reached XP level 4. HP: 25/27 MP: 7/7
  1766 | D:2      | Found Zin's Purification Station.
  1770 | D:2      | Found a glowing silver altar of Zin.
  3009 | D:2      | Found a snail-covered altar of Cheibriados.
  3138 | D:2      | Reached skill level 5 in Poison Magic
  3138 | D:2      | Reached XP level 5. HP: 29/31 MP: 3/9
  3435 | D:3      | Noticed Terence
  3472 | D:3      | Killed Terence
  3758 | D:2      | Bought a potion of curing for 90 gold pieces
  3829 | D:3      | Reached skill level 1 in Air Magic
  4271 | D:3      | Reached XP level 6. HP: 36/36 MP: 5/10
  4533 | D:3      | Found a runed translucent door.
  4534 | D:3      | Noticed Crazy Yiuf
  4721 | D:3      | Learned a level 3 spell: Mephitic Cloud
  4860 | D:4      | Reached skill level 1 in Short Blades
  4860 | D:4      | Reached skill level 3 in Spellcasting
  5126 | D:4      | You fall into a shaft and drop 2 floors!
  5222 | D:6      | Found a glowing golden altar of the Shining One.
  5229 | D:5      | Entered Level 5 of the Dungeon
  5253 | D:5      | Found a staircase to the Ecumenical Temple.
  5263 | Temple   | Entered the Ecumenical Temple
  5340 | Temple   | Became a worshipper of Vehumet
  5357 | D:5      | Learned a level 1 spell: Animate Skeleton
  5391 | D:5      | Reached skill level 1 in Conjurations
  5482 | D:5      | Reached skill level 1 in Necromancy
  5584 | D:5      | Reached XP level 7. HP: 30/41 MP: 11/11
  5850 | D:5      | Noticed a yak
  5850 | D:5      | Noticed a yak
  6263 | D:4      | Found a sacrificial altar of Ru.
  6778 | D:5      | Reached skill level 1 in Fighting
  7442 | D:5      | Reached XP level 8. HP: 39/48 MP: 13/13
  7721 | D:4      | Reached skill level 5 in Stealth
  8074 | D:5      | Noticed a yak
  8122 | D:5      | Learned a level 4 spell: Olgreb's Toxic Radiance
  8126 | D:5      | Learned a level 3 spell: Ignite Poison
  8210 | D:6      | Reached skill level 4 in Spellcasting
  8326 | D:6      | Reached * piety under Vehumet
  8326 | D:6      | Offered knowledge of Shock by Vehumet.
  8329 | D:6      | Learned a level 1 spell: Shock
  8622 | D:6      | Found Ihurunidgh's Armour Emporium.
  9514 | D:7      | Reached skill level 1 in Fire Magic
  9759 | D:7      | Found a hide-covered altar of Uskayaw.
 10028 | D:7      | Noticed Dowan
 10049 | D:7      | Noticed Duvessa
 10052 | D:7      | Killed Dowan
 10568 | D:7      | Noticed Duder's ghost (novice MiBe)
 10595 | D:7      | Found a runed translucent gate.
 10595 | D:7      | Found a runed translucent gate.
 10595 | D:7      | Found a runed translucent gate.
 10825 | D:7      | Found a hazy altar of Hepliaklqana.
 10835 | D:7      | Reached XP level 9. HP: 54/54 MP: 10/16
 10836 | D:7      | Found a white marble altar of Elyvilon.
 10836 | D:7      | Found a shimmering altar of Xom.
 10839 | D:7      | Found a bloodstained altar of Trog.
 11037 | D:6      | Reached skill level 5 in Spellcasting
 11051 | D:6      | Killed Duvessa
 11257 | D:5      | Reached skill level 1 in Throwing
 11814 | D:7      | Learned a level 1 spell: Pain
 11857 | D:7      | Reached skill level 6 in Spellcasting
 12006 | D:8      | Found Fimypuawk's Assorted Antiques.
 12046 | D:8      | Bought a potion of curing for 81 gold pieces
 12046 | D:8      | Bought a fuming emerald potion for 24 gold pieces
 12046 | D:8      | Bought a scroll of teleportation for 81 gold pieces
 12324 | D:8      | Noticed Prince Ribbit
 12335 | D:8      | Killed Prince Ribbit
 12423 | D:8      | Found Jibbuona's Gadget Shoppe.
 12594 | D:8      | Reached XP level 10. HP: 63/63 MP: 12/19
 13231 | D:8      | Found Abrics's Weapon Shoppe.
 13265 | D:8      | Offered knowledge of Foxfire by Vehumet.
 13323 | D:8      | Found Eneikuc's Distillery.
 13334 | D:8      | Reached ** piety under Vehumet
 13348 | D:8      | Reached skill level 7 in Spellcasting
 13732 | D:8      | Found a staircase to the Lair.
 14133 | D:8      | Found Liar's Distillery.
 14158 | D:8      | Bought a potion of heal wounds for 60 gold pieces
 14281 | D:9      | Reached skill level 10 in Stealth
 14443 | D:9      | Reached skill level 10 in Poison Magic
 14550 | D:9      | Offered knowledge of Conjure Flame by Vehumet.
 14555 | D:9      | Learned a level 3 spell: Conjure Flame
 14844 | D:9      | Noticed a two-headed ogre
 14862 | D:9      | Killed a two-headed ogre
 14862 | D:9      | Reached skill level 5 in Fighting
 14862 | D:9      | Reached skill level 5 in Dodging
 14862 | D:9      | Reached XP level 11. HP: 71/71 MP: 1/22
 15146 | D:9      | Reached skill level 1 in Evocations
 15904 | D:9      | Reached *** piety under Vehumet
 15904 | D:9      | Reached skill level 8 in Spellcasting
 15978 | Lair:1   | Entered Level 1 of the Lair of Beasts
 16306 | Lair:1   | You fall into a shaft and drop 1 floor!
 16987 | Lair:1   | Noticed an eight-headed hydra
 18048 | Lair:2   | Noticed a fire dragon
 18339 | Lair:2   | Found a runed translucent door.
 18339 | Lair:2   | Noticed JacktheKnight's ghost (journeyman HOFi)
 18339 | Lair:2   | Identified the +10 spear "Nuoletia" {vorpal, rPois Int-5
                  | Dex+2}
 18339 | Lair:2   | Noticed a spriggan rider
 18870 | Lair:3   | Found a gate leading to a gauntlet.
 18944 | Gauntlet | Entered a Gauntlet
 18944 | Gauntlet | Found a transporter.
 18945 | Gauntlet | Found a runed translucent door.
 18947 | Gauntlet | Found a transporter.
 18948 | Gauntlet | Found a transporter.
 18950 | Gauntlet | Noticed a green death
 18952 | Gauntlet | Found a transporter.
 18953 | Gauntlet | Found a transporter.
 18955 | Gauntlet | Found a transporter.
 18961 | Gauntlet | Found a transporter.
 18963 | Gauntlet | Found a transporter.
 18990 | Gauntlet | Noticed a catoblepas
 18994 | Gauntlet | Found a runed translucent door.
 19030 | Gauntlet | Found a transporter.
 19031 | Gauntlet | Found a transporter.
 19035 | Gauntlet | Found a transporter.
 19047 | Gauntlet | Noticed a dire elephant
 19064 | Gauntlet | Found a transporter.
 19094 | Gauntlet | Noticed an orange crystal statue
 19209 | Gauntlet | Noticed a minotaur
 19234 | Gauntlet | Killed a minotaur
 19450 | Lair:3   | Reached XP level 12. HP: 80/80 MP: 17/24
 19530 | Lair:3   | Offered knowledge of Frozen Ramparts by Vehumet.
 19879 | Lair:3   | Noticed a four-headed hydra
 20016 | Lair:3   | HP: 1/81 [four-headed hydra (17)]
 20017 | Lair:3   | Killed a four-headed hydra
 20017 | Lair:3   | Reached skill level 9 in Spellcasting
 20294 | Lair:3   | Identified a scroll of acquirement
 20294 | Lair:3   | Acquired the ring "Caebrazy" {Wiz rPois rF- MR+ Str+4}
 20301 | Lair:3   | Learned a level 3 spell: Frozen Ramparts
 20618 | Lair:3   | Found a staircase to the Shoals.
 20964 | Lair:1   | Killed an eight-headed hydra
 21243 | Lair:4   | Noticed Nessos
 21259 | Lair:4   | Killed Nessos
 21259 | Lair:4   | Reached skill level 1 in Ice Magic
 21726 | Lair:4   | Found a hole to the Spider Nest.
 21823 | Lair:4   | Reached **** piety under Vehumet
 22090 | Lair:4   | Reached skill level 5 in Conjurations
 22348 | Lair:4   | Offered knowledge of Airstrike by Vehumet.
 22399 | Lair:4   | Reached skill level 10 in Spellcasting
 22579 | Lair:4   | Learned a level 4 spell: Airstrike
 22868 | Lair:4   | Reached XP level 13. HP: 70/88 MP: 18/27
 24290 | Lair:5   | Found a runed translucent door.
 24290 | Lair:5   | Found a shimmering altar of Xom.
 24290 | Lair:5   | Noticed Jeban's ghost (journeyman OpFi)
 24291 | Lair:5   | Identified the +9 glaive of Infinity {chaos, *Corrode
                  | +Blink Int+9 Dex-3}
 24876 | D:8      | Bought 2 potions of heal wounds for 140 gold pieces
 24912 | D:8      | Bought a wand of acid (6) for 260 gold pieces
 24969 | D:10     | Entered Level 10 of the Dungeon
 25286 | D:10     | Reached ***** piety under Vehumet
 25464 | D:10     | Offered knowledge of Sticky Flame by Vehumet.
 25486 | D:10     | Learned a level 4 spell: Sticky Flame
 25897 | D:10     | Reached skill level 11 in Spellcasting
 26044 | D:10     | Reached skill level 5 in Air Magic
 26800 | D:11     | Got a steaming flail
 26801 | D:11     | Identified the cursed +1 flail of Rapui {freeze, rPois rF+}
                  | (You found it on level 11 of the Dungeon)
 26802 | D:11     | Noticed Sonja
 26809 | D:11     | Killed Sonja
 27723 | D:11     | Reached skill level 5 in Fire Magic
 28586 | D:12     | Noticed Snorg
 28881 | D:12     | Reached skill level 1 in Shields
 28926 | D:12     | Offered knowledge of Iskenderun's Battlesphere by Vehumet.
 28933 | D:12     | Learned a level 5 spell: Iskenderun's Battlesphere
 29614 | D:12     | Reached skill level 1 in Charms
 29818 | D:12     | Found a staircase to the Orcish Mines.
 29871 | D:12     | Killed Snorg
 30184 | D:12     | Reached XP level 14. HP: 96/96 MP: 8/29
 30432 | D:12     | Noticed Azrael
 31263 | D:7      | Killed Duder's ghost
 31599 | D:7      | Got the ring of Emaoq {Fire}
 31621 | D:7      | Identified the ring of Emaoq {Fire +Inv Int+2} (You found
                  | it on level 7 of the Dungeon)
 31996 | D:12     | Killed Azrael
 32163 | Orc:1    | Entered Level 1 of the Orcish Mines
 32187 | Orc:1    | Found Vakliadu's Antique Weapon Boutique.
 33121 | Orc:2    | Entered Level 2 of the Orcish Mines
 33172 | Orc:2    | Found a staircase to the Elven Halls.
 33273 | Orc:2    | Noticed Maurice
 33282 | Orc:2    | Killed Maurice
 33435 | Orc:2    | Found a frozen archway.
 33444 | IceCv    | Entered an ice cave
 35654 | IceCv    | Identified the ring of Xivodgho {*Slow rElec Int-3 Dex+6
                  | SInv} (You found it in an ice cave)
 36263 | Orc:2    | Reached skill level 5 in Shields
 36784 | Orc:2    | Reached skill level 10 in Fighting
 36974 | Orc:2    | Found Torizxet's Magic Scroll Emporium.
 36974 | Orc:2    | Found Zeumesei's Weapon Emporium.
 36975 | Orc:2    | Found Liluajov's Distillery.
 36975 | Orc:2    | Found Ducsamin's Assorted Antiques.
 36992 | Orc:2    | Bought a scroll of identify for 48 gold pieces
 36992 | Orc:2    | Bought a notched garnet ring for 120 gold pieces
 37001 | Orc:2    | Bought a potion of haste for 180 gold pieces
 37007 | Orc:2    | Bought a scroll of identify for 26 gold pieces
 37007 | Orc:2    | Bought a scroll of fog for 26 gold pieces
 37656 | D:8      | Bought a potion of invisibility for 96 gold pieces
 37700 | D:8      | Bought a potion of heal wounds for 70 gold pieces
 37700 | D:8      | Bought a potion of heal wounds for 70 gold pieces
 37700 | D:8      | Bought a potion of heal wounds for 70 gold pieces
 38403 | D:13     | Reached skill level 12 in Spellcasting
 39261 | D:13     | Reached XP level 15. HP: 103/103 MP: 6/31
 39729 | D:14     | Got a slimy sapphire amulet
 39730 | D:14     | Identified the amulet "Eddybom" {Acrobat Str+3 Slay+6 SInv}
                  | (You found it on level 14 of the Dungeon)
 39878 | D:14     | Identified Roxanne's Guide on the Rocks
 39878 | D:14     | Noticed Roxanne
 40914 | Lair:6   | Entered Level 6 of the Lair of Beasts
 40922 | Lair:6   | Offered knowledge of Fireball by Vehumet.
 40953 | Lair:6   | Reached skill level 10 in Dodging
 41202 | Lair:6   | Found a viscous altar of Jiyva.
 41283 | Lair:6   | Found a staircase to the Slime Pits.
 42349 | Lair:6   | Reached skill level 13 in Spellcasting
 42744 | Lair:2   | Learned a level 5 spell: Fireball
 43184 | Lair:6   | Found a large runed translucent door.
 43219 | Lair:6   | Found a large runed translucent door.
 44253 | D:14     | Found a gate to the Vaults.
 44858 | D:15     | Entered Level 15 of the Dungeon
 45204 | D:15     | Reached skill level 14 in Spellcasting
 45590 | D:15     | Found a staircase to the Depths.
 45921 | Shoals:1 | Entered Level 1 of the Shoals
 46045 | Spider:1 | Entered Level 1 of the Spider Nest
 46049 | Spider:1 | Offered knowledge of Spellforged Servitor by Vehumet.
 46279 | Shoals:1 | Reached XP level 16. HP: 109/109 MP: 6/34
 47204 | Shoals:1 | Found Tureuj's Mass Market.
 48548 | Shoals:2 | Reached skill level 10 in Air Magic
 48887 | Shoals:2 | Found a runed translucent gate.
 48887 | Shoals:2 | Found a runed translucent gate.
 48887 | Shoals:2 | Found a runed translucent gate.
 48887 | Shoals:2 | Noticed JacktheKnight's ghost (journeyman HOFi)
 49532 | Shoals:2 | Found a shadowy altar of Dithmenos.
 50883 | Shoals:3 | Offered knowledge of Freezing Cloud by Vehumet.
 51022 | Lair:2   | Learned a level 6 spell: Freezing Cloud
 51558 | Shoals:4 | Entered Level 4 of the Shoals
 51733 | Shoals:4 | Found Usamicluk's Book Boutique.
 51884 | Shoals:4 | Noticed Mara
 51891 | Shoals:4 | Noticed DeepDeath's illusion
 51891 | Shoals:4 | Killed Mara
 51897 | Shoals:4 | Reached XP level 17. HP: 111/117 MP: 23/35
 52368 | Shoals:4 | Identified the Tome of Mutagenic Heat
 52563 | Shoals:4 | Identified the Papyrus of the Glacial Rocks
 52894 | Shoals:4 | Reached skill level 5 in Ice Magic
 53983 | Shoals:4 | Got a barnacled rune of Zot
 54009 | Shoals:4 | Reached skill level 10 in Conjurations
 55968 | Spider:1 | You fall into a shaft and drop 1 floor!
 56418 | Spider:1 | Noticed Rupert
 56426 | Spider:1 | Killed Rupert
 56533 | Spider:2 | Noticed Donald
 56538 | Spider:2 | Killed Donald
 56666 | Spider:2 | Noticed Arachne
 57343 | Spider:2 | Reached skill level 15 in Spellcasting
 57722 | Spider:2 | Killed Arachne
 57722 | Spider:2 | Reached XP level 18. HP: 52/124 MP: 24/37
 58038 | Spider:2 | Identified the Volume of Floating Stolen Souls
 58043 | Spider:2 | Learned a level 2 spell: Swiftness
 58543 | Spider:3 | Offered knowledge of Bolt of Magma by Vehumet.
 58543 | Spider:3 | Reached skill level 1 in Staves
 59128 | Spider:3 | Identified the cursed +2 quarterstaff of Sireu {vorpal,
                  | Int+6} (You found it on level 3 of the Spider Nest)
 60080 | Spider:4 | Entered Level 4 of the Spider Nest
 60187 | Spider:4 | Acquired the ring "Vatytaroi" {rF+ rN+}
 60424 | Spider:4 | Found a runed translucent door.
 60480 | Spider:4 | Noticed Nolbo's ghost (adept FoEE)
 61360 | Spider:4 | Reached ****** piety under Vehumet
 61604 | Spider:4 | Offered knowledge of Starburst by Vehumet.
 62991 | Spider:4 | Got a gossamer rune of Zot
 63346 | D:3      | Killed Crazy Yiuf
 63903 | Lair:2   | Killed JacktheKnight's ghost
 64083 | Vaults:1 | Entered Level 1 of the Vaults
 64463 | Vaults:1 | Reached skill level 16 in Spellcasting
 64797 | Vaults:1 | Reached skill level 10 in Shields
 65245 | Vaults:1 | Learned a level 4 spell: Iskenderun's Mystic Blast
 65927 | Vaults:1 | Reached XP level 19. HP: 128/128 MP: 28/39
 68175 | Vaults:1 | Offered knowledge of Chain Lightning by Vehumet.
 68175 | Vaults:1 | Offered knowledge of Ignition by Vehumet.
 68175 | Vaults:1 | Offered knowledge of Absolute Zero by Vehumet.
 68175 | Vaults:1 | Reached skill level 1 in Translocations
 68559 | Vaults:2 | Reached skill level 17 in Spellcasting
 68879 | Vaults:2 | Noticed a tentacled monstrosity
 68900 | Vaults:2 | Killed a tentacled monstrosity
 70733 | Vaults:2 | Reached XP level 20. HP: 135/135 MP: 33/41
 71067 | Vaults:3 | Found a staircase to the Crypt.
 71129 | Vaults:3 | Found Midwaje's General Store.
 71134 | Vaults:3 | Bought a scroll of identify for 38 gold pieces
 71134 | Vaults:3 | Bought a scroll of identify for 38 gold pieces
 71880 | Vaults:3 | Noticed Sojobo
 71887 | Vaults:3 | HP: 6/136 [Sojobo/the air (31)]
 73645 | Vaults:3 | Killed Sojobo
 74268 | Vaults:3 | Noticed Margery
 74896 | Vaults:1 | Upgraded the game from 0.25.1-9-gc5326a611f to
                  | 0.25.1-11-g244df3a29b
 74896 | Vaults:1 | Quit the game

Illustrated notes

Levels and vault maps discovered:
D:1:      sevenhm_arrival_forest_fort_small_4, layout_loops_ring,
          serial_bayou_pond_b
D:2:      layout_basic, fedhas_altar_3, kennysheep_slug_shrine, zin_purify,
          chequers_ecumenical_altar_simple, grunt_gozag_statues
D:3:      layout_basic, uniq_terence, uniq_crazy_yiuf_cottage
D:4:      layout_cave_pools, nicolae_ru_the_path_less_chosen
D:5:      layout_basic, temple_statues, first_ration, minmay_misc_feat_encased
D:6:      layout_basic, serial_shops, shop, serial_bayou_pond_c,
          nicolae_tso_besieged_by_evil
D:7:      layout_cave_pools, minitemple, gammafunk_ghost_icy, uniq_duvessa
D:8:      layout_loops_corners, due_lair_maze_entry_diamond, serial_shops,
          kennysheep_mini_moat, nicolae_shop_competitors_out_of_business,
          nicolae_shop_overgrown_old_shop, kennysheep_little_box, shop,
          uniq_prince_ribbit1
D:9:      layout_loops_cross
D:10:     layout_loops_ring, special_room [special_room_orc],
          hangedman_stone_soup, kennysheep_pointless_box
D:11:     layout_layer_cave, uniq_sonja
D:12:     layout_loops_corners, erik_orc_4, uniq_azrael, uniq_snorg
D:13:     layout_irregular_city
D:14:     layout_basic, erik_vaults_1, minmay_fountain_box, serial_curves,
          eino_curves_04, eino_curves_03, eino_curves_04, eino_curves_03,
          uniq_roxanne
D:15:     grunt_enter_depths_hoard, layout_irregular_city, hex_medium
Temple:   cyrus_circular_temple
Lair:1:   layout_gridlike, grunt_megastairs_5
Lair:2:   dragon1_lemuel, layout_regular_city, ebering_ghost_funeral_grove,
          minivault_23, nicolae_quartered_pool_super
Lair:3:   layout_roguey, minmay_shoals_entry_lonely_mermaid,
          gauntlet_entry_generic, infiniplex_staircase_pool_2,
          lemuel_fruit_fields
Lair:4:   layout_loops_ring, nicolae_spider_entry_non_spiders,
          beast_lair_carwin_7, grunt_megastairs_3, lemuel_fruit_tree,
          infiniplex_staircase_pool, serial_bayou_shore_a, uniq_nessos
Lair:5:   layout_misc_corridors, ebering_ghost_xom
Lair:6:   cheibrodos_lair_end_hotspot, layout_hall_layers, slime_altar_1,
          st_stairs_8
Shoals:1: layout_shoals, minmay_shop_mass
Shoals:2: layout_shoals, ebering_ghost_rock_garden, lemuel_oklob_altar
Shoals:3: layout_shoals, abandoned_shop
Shoals:4: shoals_end_simple, layout_shoals, serial_shops, shop, uniq_mara
Spider:1: layout_spider_delve, minmay_another_anthill, uniq_rupert
Spider:2: layout_spider_delve, uniq_arachne, uniq_donald
Spider:3: layout_spider_delve, drop_trap, nicolae_spider_cling_ruins
Spider:4: grunt_spider_rune_circles, ebering_ghost_reflecting_pool, drop_trap
Orc:1:    layout_diamond_mine, serial_shops, nicolae_shop_waterfront
Orc:2:    st_orc_elflike, layout_diamond_mine, portal_ice_cave_entry_pillars_1,
          nicolae_orc_crystal_geode, uniq_maurice
Vaults:1: v_misc_9, nicolae_vaults_bisected_slash, v_rooms_1,
          nicolae_vaults_network_square, v_misc_9, v_misc_4,
          nicolae_vaults_mini_display_case, grunt_vaults_hallway_long,
          v_misc_14, st_hourglassy, ontoclasm_vaults_shuriken,
          vaults_room_door_ring, layout_vaults_chaotic_city
Vaults:2: v_misc_2, vaults_standard_mumra_lines, grunt_vaults_funnel,
          ontoclasm_vaults_twist, nicolae_vaults_little_squares_6,
          vaults_room_hallway, hangedman_vaults_impose, ontoclasm_vaults_idyll,
          nicolae_vaults_disjoint_gnomons, nicolae_vaults_network_periphery,
          ontoclasm_vaults_loading_screen, v_misc_9, grunt_vaults_hallway_long,
          kb_rosetta, grunt_vaults_focal, vaults_dpeg_hooks,
          layout_vaults_omnibox
Vaults:3: v_misc_9, hangedman_vaults_unwind, v_misc_30, blue_anna_dwarven_crypt,
          grunt_vaults_hallway_short, nicolae_vaults_shelves_hall, v_misc_3,
          vaults_room_fours, layout_vaults_omnigrid, serial_shops, shop,
          uniq_sojobo, uniq_margery

Skill      XL: |  1  2  3  4  5  6  7  8  9 10 11 12 13 14 15 16 17 18 19 20 |
---------------+-------------------------------------------------------------+-----
Poison Magic   | 4 5 6 7 8 9 10 | 10.0
Transmutations | 2 3 |  3.0
Stealth        | 3 4 6 7 10 11 12 13 14 | 14.0
Air Magic      | 1 2 3 6 7 8 11 | 11.0
Short Blades   | 1 2 3 4 |  4.0
Spellcasting   | 3 4 6 7 8 10 11 12 14 15 16 17 | 17.0
Conjurations   | 1 2 3 4 5 7 8 11 | 11.5
Necromancy     | 1 2 3 |  3.0
Fighting       | 1 2 3 5 6 8 9 10 11 12 | 12.0
Fire Magic     | 1 2 3 5 |  5.0
Dodging        | 3 5 6 7 8 9 10 11 12 | 12.0
Throwing       | 1 2 |  2.0
Evocations     | 2 4 |  4.0
Ice Magic      | 2 4 5 |  5.0
Shields        | 2 5 10 13 14 | 14.8
Charms         | 1 3 |  3.0
Staves         | 2 |  2.0
Translocations | 2 |  2.0

Action                   |  1- 3 |  4- 6 |  7- 9 | 10-12 | 13-15 | 16-18 | 19-21 || total
-------------------------+-------+-------+-------+-------+-------+-------+-------++-------
Melee: Unarmed           |     2 |       |       |       |       |       |       ||     2
       Tentacles         |     3 |     3 |    23 |    27 |    53 |    47 |    39 ||   195
       Dagger            |     7 |    33 |    92 |    76 |       |       |       ||   208
       Constrict         |     3 |     9 |    17 |    25 |    21 |    59 |    26 ||   160
       Short sword       |       |       |       |    77 |   210 |    31 |       ||   318
       Flail             |       |       |       |       |     7 |       |       ||     7
       Rapier            |       |       |       |       |       |    54 |    15 ||    69
       Staff             |       |       |       |       |       |    73 |    98 ||   171
Throw: Stone             |    19 |    10 |    54 |       |       |       |       ||    83
       Dart              |       |       |       |     3 |       |       |       ||     3
 Cast: Sting             |    53 |    53 |    27 |    59 |    18 |       |     1 ||   211
       Poisonous Vapours |       |    58 |    72 |   162 |   149 |    13 |       ||   454
       Mephitic Cloud    |       |       |    27 |    62 |   102 |    79 |    86 ||   356
       Shock             |       |       |    65 |    89 |   117 |    24 |     5 ||   300
       Ignite Poison     |       |       |    11 |    32 |    93 |    46 |    36 ||   218
       Olgreb's Toxic Ra |       |       |       |    28 |   103 |   217 |   111 ||   459
       Pain              |       |       |       |     3 |       |       |       ||     3
       Animate Skeleton  |       |       |       |    11 |    52 |    60 |    70 ||   193
       Frozen Ramparts   |       |       |       |     1 |    20 |     9 |     4 ||    34
       Airstrike         |       |       |       |       |   212 |   289 |    88 ||   589
       Conjure Flame     |       |       |       |       |    14 |       |       ||    14
       Sticky Flame      |       |       |       |       |    37 |    40 |     8 ||    85
       Iskenderun's Batt |       |       |       |       |    39 |    72 |    27 ||   138
       Fireball          |       |       |       |       |       |    12 |     8 ||    20
       Freezing Cloud    |       |       |       |       |       |    13 |     7 ||    20
       Swiftness         |       |       |       |       |       |     1 |       ||     1
       Iskenderun's Myst |       |       |       |       |       |       |     6 ||     6
Evoke: Wand              |       |       |       |       |    15 |     7 |     4 ||    26
       Phial of floods   |       |       |       |       |     1 |       |       ||     1
       Phantom mirror    |       |       |       |       |     1 |       |       ||     1
       Lightning rod     |       |       |       |       |       |       |     4 ||     4
  Use: Scroll            |     7 |     6 |    13 |    13 |    14 |    13 |     7 ||    73
       Potion            |       |       |     5 |     6 |     3 |     7 |     2 ||    23
 Stab: Sleeping          |     2 |     9 |     3 |     3 |    13 |     4 |    10 ||    44
       Confused          |       |       |     1 |    10 |     7 |    11 |    12 ||    41
       Distracted        |       |       |       |       |     1 |       |       ||     1
       Petrified         |       |       |       |       |     1 |       |       ||     1
  Eat: Chunk             |     3 |    15 |    14 |    14 |    37 |    20 |    24 ||   127
       Ration            |       |       |     4 |     6 |    13 |    13 |     2 ||    38
Armor: Skin              |     4 |     6 |     3 |     5 |    25 |    23 |     5 ||    71
Dodge: Dodged            |    16 |    19 |    65 |   121 |   220 |   315 |    73 ||   829
Block: Buckler           |       |       |       |       |    38 |   131 |     8 ||   177
       Kite shield       |       |       |       |       |       |       |    82 ||    82
       Reflection        |       |       |       |       |       |       |    22 ||    22
